 Dungeon Crawl Stone Soup version 0.28-a0-620-g539b0f7ac7 (webtiles) character file.

Game seed: 12457938312723479604

50 siradein the Insei (level 3, -1/27 HPs)
             Began as a Demonspawn Transmuter on Oct 7, 2021.
             Slain by an adder (3 damage)
             ... on level 2 of the Dungeon.
             The game lasted 00:03:54 (1972 turns).

siradein the Insei (Demonspawn Transmuter)          Turns: 1972, Time: 00:03:54

Health: -1/27      AC:  4    Str: 11    XL:     3   Next: 55%
Magic:  4/6        EV: 12    Int: 14    God:
Gold:   68         SH:  0    Dex: 13    Spells: 0/6 levels left

rFire   . . .      SeeInvis .     - Unarmed
rCold   . . .      Faith    .   (no shield)
rNeg    . . .      Spirit   .   a - +0 robe
rPois   .          Reflect  .   (helmet currently unavailable)
rElec   .          Harm     .   f - +0 cloak
rCorr   .          Rampage  .   g - +0 pair of gloves
Will    .....                   (boots currently unavailable)
Stlth   +.........              (no amulet)
HPRegen 0.09/turn               (no ring)
MPRegen 0.10/turn               (no ring)

@: appendages (expiring), wereblooded
A: horns 2, talons 2, demonic magic 1
a: End Transformation


You were on level 2 of the Dungeon.
You had temporarily grown beastly horns and talons.
You visited 1 branch of the dungeon, and saw 3 of its levels.

You collected 68 gold pieces.

Inventory:

Missiles
 e - 2 boomerangs
Armour
 a - a +0 robe (worn)
 f - a +0 cloak (worn)
 g - a +0 pair of gloves (worn)
Scrolls
 c - a scroll of silence {unknown}
 d - a scroll of amnesia {unknown}
 i - a scroll of magic mapping {unknown}
 l - 2 scrolls of summoning {unknown}
Potions
 b - a potion of might {unknown}
 h - a potion of magic {unknown}
 j - a potion of ambrosia {unknown}
 k - a potion of mutation {unknown}


   Skills:
 + Level 1.8 Fighting
 + Level 2.2 Dodging
 + Level 3.0 Unarmed Combat
 + Level 2.4 Spellcasting
 + Level 2.2 Transmutations


You couldn't memorise any spells.
You knew the following spells:

 Your Spells              Type           Power      Damage    Failure   Level
a - Beastly Appendage     Tmut           14%        N/A       10%         1
b - Wereblood             Tmut           7%         N/A       14%         2
c - Spider Form           Tmut/Pois      2%         N/A       41%         3

Your spell library contained the following spells:

 Spells                   Type           Power      Damage    Failure   Level
 Magic Dart               Conj           4%         1d3       22%         1
 Corpse Rot               Necr/Air       N/A        N/A       34%         2
 Poisonous Vapours        Pois/Air       2%         N/A       34%         2
 Searing Ray              Conj           2%         2d4       34%         2
 Ice Form                 Ice/Tmut       4%         N/A       82%         4
 Fulminant Prism          Conj/Hex       0%         3d6       92%         4


Dungeon Overview and Level Annotations

Branches:
Dungeon (3/15)

Altars:


Innate Abilities, Weirdness & Mutations

You have temporarily grown beastly horns and talons.
Spells you cast may paralyse adjacent enemies.


Message History

You feel sick.
The hobgoblin hits you but does no damage.
The adder bites you.
You are more poisoned.
The adder poisons you!
You hit the hobgoblin but do no damage. You headbutt the hobgoblin.
The hobgoblin is severely wounded.
Your transformation is almost over.
You feel sick.
The hobgoblin hits you but does no damage.
The adder bites you.
You closely miss the hobgoblin.
The hobgoblin is severely wounded.
You feel sick. The adder bites you but does no damage.
The hobgoblin closely misses you. The adder bites you.
You completely miss the hobgoblin.
The hobgoblin is severely wounded.
You feel sick. The hobgoblin closely misses you. The adder closely misses you.
You closely miss the hobgoblin.
You claw the hobgoblin, but do no damage.
The hobgoblin is severely wounded.
The hobgoblin closely misses you. The adder bites you but does no damage.
You hit the hobgoblin but do no damage. Your headbutt misses the hobgoblin.
The hobgoblin is severely wounded.
You feel sick. The hobgoblin closely misses you. The adder barely misses you.
You hit the hobgoblin.
You feel a bit better.
You kill the hobgoblin!
You feel sick. The adder bites you.
* * * LOW HITPOINT WARNING * * *
You feel sick. The adder barely misses you.
You see here a hobgoblin corpse.
You hit the adder.
You headbutt the adder, but do no damage.
The adder is moderately wounded.
You feel sick.
You are no longer poisoned.
The adder bites you.
* * * LOW HITPOINT WARNING * * *
The adder bites you.
You die...

...##...# #.#
...)#...# #.#
##..##.##########.#
###..#..........#.#
###..#.).######.#.#
##..##.#.# #.#.#
....#..#.# #.#.#
...##..#.######.#S#
...#............@>#
.....###.######.###
###### #.# #.# #.#
#.####### #.#
#.......#
#.############.#
#...........##.#
###########.##.#
#.##.#


You could see an adder.

Vanquished Creatures
  A worm (D:2)
  2 dart slugs (D:1)
  2 ball pythons (D:2)
  5 endoplasms
  A giant cockroach (D:1)
  9 goblins
  5 hobgoblins (D:2)
  3 quokkas (D:2)
  4 bats
  2 frilled lizards
  A kobold (D:2)
  A rat (D:1)
36 creatures vanquished.

Notes
Turn   | Place    | Note
-------+----------+-------------------------------------------
     0 | D:1      | siradein the Demonspawn Transmuter began the quest for the
                  | Orb.
     0 | D:1      | Reached XP level 1. HP: 15/15 MP: 3/3
   157 | D:1      | Gained mutation: Spells you cast may paralyse adjacent
                  | enemies. [demonic ancestry]
   157 | D:1      | Reached XP level 2. HP: 17/21 MP: 3/5
   162 | D:1      | Learned a level 2 spell: Wereblood
   560 | D:1      | Found a faded altar of an unknown god.
  1142 | D:2      | Reached XP level 3. HP: 18/26 MP: 2/6
  1365 | D:2      | Reached skill level 3 in Unarmed Combat
  1672 | D:2      | Learned a level 3 spell: Spider Form
  1972 | D:2      | Slain by an adder

Illustrated notes

Levels and vault maps discovered:
D:1:      dpeg_arrival_ternary, layout_rooms, serial_rivers,
          chequers_serial_rivers_micro_b, chequers_serial_rivers_small_b,
          chequers_serial_rivers_micro_d, chequers_serial_rivers_micro_e,
          hellmonk_ecumenical_altar_lost_god
D:2:      layout_basic, minmay_misc_feat_iff
D:3:      layout_rooms, minmay_joined_circles

Skill      XL: |  1  2  3 |
---------------+----------+-----
Dodging        | 2 |  2.2
Transmutations | 2 |  2.2
Unarmed Combat | 3 |  3.0
Fighting       | |  1.8
Spellcasting   | |  2.4

Action                   || total
-------------------------++-------
Melee: Unarmed           ||   119
       Kick              ||    17
       Headbutt          ||    11
 Cast: Beastly Appendage ||    29
       Wereblood         ||     3
 Stab: Paralysed         ||     9
       Sleeping          ||     2
Armor: Robe              ||    37
Dodge: Dodged            ||    72

Table legend: (Time is in decaauts)
 A = Elapsed time spent in this place.
 B = Non-inter-level travel time spent in this place.
 C = Inter-level travel time spent in this place.
 D = Time resting spent in this place.
 E = Time spent auto-exploring this place.
 F = Levels seen in this place.
 G = Mean time per level.
                   A        B        C        D        E       F      G
               +--------+--------+--------+--------+--------+-----+--------+
         Total |   1967 |   1916 |     51 |      0 |   1593 |   3 |  655.7 |
       Dungeon |   1967 |   1916 |     51 |      0 |   1593 |   3 |  655.7 |
               +--------+--------+--------+--------+--------+-----+--------+

Top non-repeatable levels by time:
     D:1: 1095 daAuts
     D:2: 866 daAuts
     D:3: 4 daAuts
